 Dungeon Crawl Stone Soup version 0.30-a0-335-ge5acde7520 (webtiles) character file.

Game seed: 3348205960633291431

9749 poofo the Skirmisher (level 11, 0/58 HPs)
             Began as a Spriggan Hunter on Oct 30, 2022.
             Was a High Priest of Okawaru.
             Slain by a sixfirhy (12 damage)
             ... summoned by a kobold demonologist
             ... on level 10 of the Dungeon.
             The game lasted 00:37:03 (9533 turns).

poofo the Skirmisher (Spriggan Hunter)              Turns: 9533, Time: 00:37:04

Health: 0/58       AC:  9    Str:  7    XL:     11   Next: 27%
Magic:  21/21      EV: 31    Int: 11    God:    Okawaru [*****.]
Gold:   387        SH:  0    Dex: 23    Spells: 10/10 levels left

rFire   . . .      SeeInvis +    a - +1 shortbow (freeze)
rCold   . . .      Faith    .    (shield currently unavailable)
rNeg    . . .      Spirit   .    c - +2 robe {Will+}
rPois   .          Reflect  .    v - +2 hat {Will+}
rElec   .          Harm     .    d - +2 cloak
rCorr   .          Rampage  .    (gloves unavailable)
Will    +++..                    (boots unavailable)
Stlth   ++........               (no amulet)
HPRegen 0.29/turn                s - +4 ring of evasion
MPRegen 0.17/turn                u - ring of magical power

@: about to teleport, very quick
A: very small, no large weapons, unfitting armour, see invisible, speed 3
a: Renounce Religion, Heroism, Finesse, Duel


You were on level 10 of the Dungeon.
You worshipped Okawaru.
Okawaru was extremely pleased with you.
You visited 2 branches of the dungeon, and saw 11 of its levels.

You collected 706 gold pieces.
You spent 319 gold pieces at shops.

Inventory:

Hand Weapons
 a - a +1 shortbow of freezing (weapon)
 t - a +1 rapier of chaos
 w - the +12 mace of Res Nullius {pain, Drain rC+ Int+4}
   (You found it on level 6 of the Dungeon)

   In the hands of one skilled in necromantic magic, it inflicts extra damage on
   living creatures.
   Int:       It affects your intelligence (+4).
   rC:        It protects you from cold.
   Drain:     It drains your maximum health when unequipped.
Missiles
 k - 2 throwing nets
 H - 2 atropa-tipped darts (quivered)
Armour
 c - a +2 robe of willpower (worn)
 d - a +2 cloak (worn)
 i - a +0 cloak
 o - a +1 robe of cold resistance
 v - a +2 hat of willpower (worn)
Jewellery
 s - a +4 ring of evasion (left hand)
 u - a ring of magical power (right hand)
 C - a ring of fire
Wands
 g - a wand of iceblast (4)
 j - a wand of digging (5)
 q - a wand of light (8)
 r - a wand of mindburst (19)
 J - a wand of charming (10)
 L - a wand of polymorph (4)
Scrolls
 b - 2 scrolls of immolation
 h - a scroll of fear
 n - 3 scrolls of teleportation
 y - a scroll of poison
 E - a scroll of magic mapping
Potions
 f - 3 potions of curing
 x - a potion of haste
 z - a potion of ambrosia
 A - 3 potions of flight
 B - 2 potions of magic
 D - a potion of resistance
 F - a potion of brilliance
 G - 2 potions of invisibility
Miscellaneous
 K - a piece from Xom's chessboard (15/15)


   Skills:
 + Level 6.5 Fighting
 * Level 14.4 Ranged Weapons
 + Level 10.5 Dodging
 - Level 1.5 Stealth


You had 10 spell levels left.
You didn't know any spells.
Your spell library contained the following spells:

 Spells                   Type           Power      Damage    Failure   Level
 Necrotise                Necr           0%         1d4       34%         1
 Blink                    Tloc           0%         N/A       47%         2
 Momentum Strike          Conj/Tloc      0%         3d8       47%         2
 Sublimation of Blood     Necr           0%         N/A       47%         2
 Ignite Poison            Fire/Tmut/Pois 0%         N/A       71%         3
 Lesser Beckoning         Tloc           0%         N/A       71%         3
 Vampiric Draining        Necr           0%         2d6       71%         3
 Petrify                  Tmut/Erth      0%         N/A       98%         4
 Sticky Flame             Conj/Fire      0%         2d3       98%         4
 Agony                    Necr           0%         N/A       100%        5
 Irradiate                Conj/Tmut      0%         3d11      100%        5
 Ignition                 Fire           0%         3d3       100%        8


Dungeon Overview and Level Annotations

Branches:
Dungeon (10/15)            Temple (1/1) D:4            Lair (0/5) D:10
    Orc: D:9-12

Altars:
Ashenzari
Cheibriados
Dithmenos
Elyvilon
Fedhas
Gozag
Hepliaklqana
Kikubaaqudgha
Makhleb
Nemelex Xobeh
Okawaru
Qazlal
Ru
Sif Muna
Trog
Uskayaw
Vehumet
Wu Jian
Xom
Yredelemnul
Zin
The Shining One

Shops:
D:5 ?[?(   D:8 [   D:9 ?


Innate Abilities, Weirdness & Mutations

You are very small and have problems with some larger weapons.
You are too small for most types of armour.
You have supernaturally acute eyesight. (SInv)
You cover ground extremely quickly. (Speed+++)


Message History

The kobold demonologist is moderately wounded.
Fire: a) +1 shortbow (freeze)
Press: ? - help, Shift-Dir - straight line, f/p - kobold demonologist
Aim: a kobold demonologist, wielding a +0 dagger of venom and wearing a +0 robe (moderately wounded, 65% to hit)
You shoot an arrow.
The arrow closely misses the kobold demonologist.
The arrow completely misses the orange demon.
The crimson imp shouts, "Capitulate, thou goatish hell-hated weakling!"
The crimson imp blinks!
Fire: a) +1 shortbow (freeze)
Press: ? - help, Shift-Dir - straight line, f/p - kobold demonologist
Aim: a kobold demonologist, wielding a +0 dagger of venom and wearing a +0 robe (moderately wounded, 65% to hit)
You shoot an arrow. The arrow hits the kobold demonologist!
The arrow freezes the kobold demonologist.
The kobold demonologist is severely wounded.
The sixfirhy completely misses you.
The crimson imp blinks!
The sixfirhy hits you but does no damage.
The sixfirhy attacks as you move away! The sixfirhy hits you.
The sixfirhy shocks you! The sixfirhy completely misses you.
You see here a +0 club.
The sixfirhy hits you. The sixfirhy shocks you!
The sixfirhy completely misses you.
There is a stone staircase leading down here.
The sixfirhy attacks as you move away! The sixfirhy completely misses you.
You enter the shallow water.
Moving in this stuff is going to be slow.
The slime creature quivers.
The sixfirhy barely misses you. The sixfirhy hits you. The sixfirhy shocks you!
* * * LOW HITPOINT WARNING * * *
The sixfirhy completely misses you.
Okay, then.
Okay, then.
As you read the scroll of teleportation, it crumbles to dust.
You feel strangely unstable. The crimson imp completely misses you.
The slime creature quivers.
The sixfirhy hits you.
* * * LOW HITPOINT WARNING * * *
The sixfirhy shocks you!
You die...

.......3...........#.............
..#....#.#.....#....~............
..~..5..#.#..###.....#...........
##.....#.#...###........##...[...
#.......#.....#..#....J..#.......
#..........>.....................
#....~..#.....#..................
.....#§##....###.....#.....######
.....§..##..#.#.@3.J~..........#
##.....#.....#.#...............#
###...(............##.#........#
....#.......#....5###.#>.......#
......5..........4...).3.#######
.....##..............))..#
...........#..~5.#.......#####
....###..........#...(.......#
....$............#.....!#....#


You could see 2 slime creatures, an orange demon (summoned), a sixfirhy
(summoned), an iron imp (summoned) and a crimson imp (summoned).

Vanquished Creatures
  Josephine (D:10)
  A two-headed ogre (D:9)
  A cyclops (D:7)
  Maurice (D:7)
  A rime drake (D:10)
  A slime creature (D:10)
  3 hornets
  Sigmund (D:3)
  A shadow (D:9)
  3 wraiths
  2 wyverns
  6 yaks (D:9)
  Grum (D:9)
  A steam dragon (D:7)
  3 vampire mosquitoes (D:9)
  Menkaure (D:6)
  An acid dragon (D:8)
  3 water moccasins
  9 ice beasts
  A black bear (D:7)
  4 ogres
  4 wolves
  A centaur (D:8)
  Blork the orc (D:6)
  5 kobold brigands
  A bullfrog (D:6)
  3 gnoll sergeants
  A necrophage (D:6)
  A scorpion (D:5)
  4 howler monkeys
  A jelly (D:5)
  2 gnoll boudas (D:9)
  9 hounds
  4 orc priests
  Ijyb (D:4)
  5 iguanas
  6 orc wizards
  15 gnolls
  12 adders
  2 white imps
  An ufetubus (D:5)
  2 dart slugs
  23 orcs
  5 endoplasms
  A giant cockroach (D:1)
  8 goblins
  7 hobgoblins
  9 jackals
  2 quokkas
  9 ball pythons
  7 bats
  3 frilled lizards
  11 kobolds
  2 rats
214 creatures vanquished.

Notes
Turn   | Place    | Note
-------+----------+-------------------------------------------
     0 | D:1      | poofo the Spriggan Hunter began the quest for the Orb.
     0 | D:1      | Reached XP level 1. HP: 10/10 MP: 2/2
   406 | D:1      | Reached XP level 2. HP: 14/14 MP: 3/3
   936 | D:2      | Reached skill level 5 in Ranged Weapons
   942 | D:2      | Reached XP level 3. HP: 18/18 MP: 4/4
  1345 | D:3      | Reached XP level 4. HP: 22/22 MP: 5/5
  1427 | D:3      | Found a faded altar of an unknown god.
  1469 | D:3      | Noticed Sigmund
  1621 | D:2      | Reached skill level 6 in Ranged Weapons
  1753 | D:3      | Reached XP level 5. HP: 25/25 MP: 6/6
  1861 | D:3      | Killed Sigmund
  1862 | D:3      | Reached skill level 7 in Ranged Weapons
  1862 | D:3      | Reached XP level 6. HP: 30/30 MP: 7/7
  2394 | D:4      | Reached skill level 8 in Ranged Weapons
  2459 | D:4      | Found a staircase to the Ecumenical Temple.
  2468 | Temple   | Entered the Ecumenical Temple
  2657 | Temple   | Became a worshipper of Warmaster Okawaru
  3041 | D:4      | Found a large runed translucent door.
  3041 | D:4      | Found a large runed translucent door.
  3045 | D:4      | Found a shimmering altar of Xom.
  3086 | D:4      | Reached XP level 7. HP: 22/33 MP: 8/8
  3154 | D:4      | Noticed Ijyb
  3191 | D:4      | Killed Ijyb
  3335 | D:4      | Reached skill level 9 in Ranged Weapons
  3690 | D:5      | Entered Level 5 of the Dungeon
  3741 | D:5      | Reached * piety under Okawaru
  3887 | D:5      | Found Tohex's Armour Shoppe.
  3894 | D:5      | Bought a +1 hat of willpower for 160 gold pieces
  3900 | D:5      | Found Qoeqer's Magic Scroll Emporium.
  3944 | D:5      | Gained mutation: You have hidden genetic defects. [potion
                  | of mutation]
  3944 | D:5      | Lost mutation: You have hidden genetic defects. [potion of
                  | mutation]
  3949 | D:5      | Found Valacip's Magic Scroll Emporium.
  3998 | D:5      | Bought a scroll of brand weapon for 114 gold pieces
  4021 | D:5      | Found Gogonong's Weapon Shop.
  4099 | D:5      | Reached skill level 10 in Ranged Weapons
  4121 | D:5      | Reached XP level 8. HP: 37/37 MP: 9/9
  4265 | D:5      | Reached ** piety under Okawaru
  4611 | D:6      | Identified the +12 mace of Res Nullius {pain, Drain rC+
                  | Int+4}
  4722 | D:6      | Noticed Blork the orc
  4739 | D:6      | Reached skill level 5 in Dodging
  4745 | D:6      | Killed Blork the orc
  4865 | D:6      | Reached skill level 11 in Ranged Weapons
  4896 | D:6      | Noticed Menkaure
  4923 | D:6      | Killed Menkaure
  5408 | D:6      | Reached XP level 9. HP: 44/44 MP: 10/10
  5684 | D:7      | Reached *** piety under Okawaru
  5739 | D:7      | Noticed a cyclops
  5772 | D:7      | Killed a cyclops
  6044 | D:7      | Found a broken altar of Ashenzari.
  6046 | D:7      | Found a sparkling altar of Nemelex Xobeh.
  6412 | D:8      | Reached skill level 12 in Ranged Weapons
  6460 | D:8      | Noticed Maurice
  6492 | D:7      | Killed Maurice
  6492 | D:7      | Reached **** piety under Okawaru
  6920 | D:8      | Found Iroh Wiy's Armour Emporium.
  7057 | D:9      | Reached XP level 10. HP: 51/51 MP: 11/11
  7191 | D:9      | Noticed a two-headed ogre
  7224 | D:9      | Killed a two-headed ogre
  7224 | D:9      | Received a gift from Okawaru
  7225 | D:9      | Reached skill level 5 in Fighting
  7238 | D:9      | Reached ***** piety under Okawaru
  7239 | D:9      | Reached skill level 13 in Ranged Weapons
  7403 | D:9      | Noticed Grum
  7433 | D:9      | Killed Grum
  7512 | D:9      | Found Qaoz's Magic Scroll Boutique.
  7517 | D:9      | Bought a scroll of teleportation for 45 gold pieces
  8182 | D:10     | Entered Level 10 of the Dungeon
  8271 | D:9      | Identified the +1 hat of the Volcano {Rampage rC- Int+4}
                  | (Okawaru gifted it to you on level 9 of the Dungeon)
  8271 | D:9      | Received a gift from Okawaru
  8353 | D:9      | Paralysed by a hornet for 1 turns
  8435 | D:9      | Reached skill level 14 in Ranged Weapons
  8435 | D:9      | Reached skill level 10 in Dodging
  8596 | D:9      | Reached XP level 11. HP: 56/56 MP: 12/12
  8665 | D:10     | Noticed Josephine
  8673 | D:10     | Killed Josephine
  9222 | D:10     | Found a staircase to the Lair.
  9507 | D:10     | Noticed a sixfirhy
  9533 | D:10     | Slain by a sixfirhy

Illustrated notes

Levels and vault maps discovered:
D:1:      nicolae_arrival_somewhat_less_tricky_arrival, layout_loops_corners
D:2:      layout_rooms, kennysheep_generic_room_15
D:3:      cheibrodos_helix_gallery, layout_loops_cross, basic_ecumenical_altar,
          uniq_sigmund
D:4:      due_chaos_kobolds, layout_cave_pods, minmay_temple_entry_tees,
          uniq_ijyb
D:5:      layout_rooms, serial_shops, nicolae_shop_hallway_plus, shop,
          nicolae_square_shop, shop_statue, st_stairs_8, minmay_quadrilaterals
D:6:      layout_loops_cross, uniq_blork_the_orc, uniq_menkaure
D:7:      layout_cave_pools, nicolae_overflow_hidden_temple,
          minmay_misc_feat_tower
D:8:      layout_rooms, serial_shops, shop, uniq_maurice
D:9:      layout_cave_pools, serial_shops, nicolae_shop_hallway_plus,
          serial_gnoll_camp, gnoll_camp_huts_basic, gnoll_camp_mini_basic,
          grums_kennel, gnoll_camp_mini_hut, chequers_serial_rivers_small_b,
          serial_park_tiny_2
D:10:     layout_rooms, hellmonk_lair_entry_icy, serial_rivers,
          chequers_serial_rivers_large_b, chequers_serial_rivers_marsh,
          chequers_serial_rivers_large_a, chequers_serial_rivers_small_b,
          uniq_erica, uniq_fannar, uniq_josephine
Temple:   nicolae_temple_slightly_damp_pantheon

Skill      XL: |  1  2  3  4  5  6  7  8  9 10 |
---------------+-------------------------------+-----
Ranged Weapons | 5 6 7 8 10 11 12 14 | 14.4
Dodging        | 3 5 8 10 | 10.5
Fighting       | 3 4 6 |  6.5
Stealth        | |  1.5

Action                   |  1- 3 |  4- 6 |  7- 9 | 10-12 || total
-------------------------+-------+-------+-------+-------++-------
 Fire: Shortbow          |    77 |   168 |   341 |   450 ||  1036
Invok: Heroism           |       |       |     1 |     2 ||     3
Evoke: Wand              |       |       |     1 |       ||     1
  Use: Scroll            |       |       |    20 |     7 ||    27
       Potion            |       |       |     4 |     3 ||     7
Armor: Robe              |     1 |     7 |    13 |    13 ||    34
       Skin              |       |       |     4 |       ||     4
Dodge: Dodged            |    12 |    50 |    73 |   182 ||   317

Table legend: (Time is in decaauts)
 A = Elapsed time spent in this place.
 B = Non-inter-level travel time spent in this place.
 C = Inter-level travel time spent in this place.
 D = Time resting spent in this place.
 E = Time spent auto-exploring this place.
 F = Levels seen in this place.
 G = Mean time per level.
                   A        B        C        D        E       F      G
               +--------+--------+--------+--------+--------+-----+--------+
         Total |   6853 |   6688 |    165 |    512 |   3691 |  11 |  623.0 |
       Dungeon |   6729 |   6578 |    151 |    512 |   3610 |  10 |  672.9 |
        Temple |    124 |    111 |     13 |      0 |     81 |   1 |  124.0 |
               +--------+--------+--------+--------+--------+-----+--------+

Top non-repeatable levels by time:
     D:9: 1451 daAuts
     D:4: 760 daAuts
     D:6: 737 daAuts
     D:7: 670 daAuts
     D:3: 632 daAuts
     D:5: 630 daAuts
     D:1: 612 daAuts
    D:10: 503 daAuts
     D:2: 370 daAuts
     D:8: 360 daAuts
  Temple: 124 daAuts
